[ AOE2 MATCH · #478597396 ]
UnrankedItalians vs Goths
[ REPLAY ANALYSIS · EXTRACTED FROM THE RECORDED GAME ]
Feudal
12:43
Castle
17:00
Imperial
21:10
| APM avg | 33.6 |
| APM peak | 59 |
| eAPM avg | 15.5 |
| Villagers / military | 98 / 67 |
Focus
⚔️ 30.8% · 🌾 69.2%
Hand Cannoneer ×29 · Unknown (882) ×27 · Genoese Crossbowman ×22 · Bombard Cannon ×15 · Trade Cart ×2 · Monk ×1
Feudal
12:13
Castle
16:07
Imperial
34:46
| APM avg | 28.1 |
| APM peak | 74 |
| eAPM avg | 18.1 |
| Villagers / military | 120 / 104 |
Focus
⚔️ 27.7% · 🌾 72.3%
Militia ×82 · Unknown (882) ×23 · Warrior Priest ×18 · Battering Ram ×4
Feudal
12:28
Castle
21:11
Imperial
—
| APM avg | 18.4 |
| APM peak | 42 |
| eAPM avg | 11.4 |
| Villagers / military | 64 / 23 |
Focus
⚔️ 30.7% · 🌾 69.3%
Militia ×16 · Spearman ×7
Feudal
11:06
Castle
14:44
Imperial
28:09
| APM avg | 32.4 |
| APM peak | 114 |
| eAPM avg | 16.8 |
| Villagers / military | 164 / 147 |
Focus
⚔️ 32.0% · 🌾 68.0%
Mangudai ×142 · Trebuchet (Packed) ×4 · Monk ×1
Feudal
10:58
Castle
21:00
Imperial
44:53
| APM avg | 52.7 |
| APM peak | 127 |
| eAPM avg | 20.8 |
| Villagers / military | 99 / 88 |
Focus
⚔️ 37.3% · 🌾 62.7%
Tarkan ×79 · Scout Cavalry ×4 · Archer ×3 · Knight ×2
Feudal
12:14
Castle
15:48
Imperial
29:37
| APM avg | 32.4 |
| APM peak | 70 |
| eAPM avg | 16.4 |
| Villagers / military | 140 / 270 |
Focus
⚔️ 24.8% · 🌾 75.2%
Scorpion ×152 · Scout Cavalry ×117 · Trade Cart ×21 · Monk ×1
Feudal
12:18
Castle
16:31
Imperial
34:13
| APM avg | 34.7 |
| APM peak | 86 |
| eAPM avg | 19.0 |
| Villagers / military | 113 / 181 |
Focus
⚔️ 31.9% · 🌾 68.1%
Knight ×168 · Scout Cavalry ×12 · Monk ×1
Feudal
10:09
Castle
14:14
Imperial
39:04
| APM avg | 35.1 |
| APM peak | 70 |
| eAPM avg | 21.5 |
| Villagers / military | 165 / 263 |
Focus
⚔️ 40.0% · 🌾 60.0%
Hand Cannoneer ×226 · Spearman ×22 · Bombard Cannon ×11 · Hussite Wagon ×3 · Monk ×1
Match map
Initial resources + every placement click. Lines = walls · curves = elevation contours. ◆ gold · ⬟ stone · ● berries · ✦ relic · ◌ wall gap
Your base· Open — unwalled flank
Sasha_Kive's base· Open — unwalled flank
darkwwww2015's base· Open — 4t gap
livulove's base· Open — unwalled flank
Vanchella's base· Open — unwalled flank
BLACK EAGLE's base· Open — unwalled flank
Martin Eden's base· Open — unwalled flank
DaTuRa's base· Open — unwalled flank
Smoothed initial terrain · ◌ = detected wall gap · hover for details
Inputs per minute
— ElMismisimo - - Sasha_Kive
Build order — ElMismisimo
First 150 of 323 actions detected
| 0:01 | Create | Villager (Male) |
| 0:02 | Create | Villager (Male) |
| 0:02 | Create | Villager (Male) |
| 0:04 | Build | House |
| 0:05 | Build | House |
| 0:20 | Create | Villager (Male) |
| 0:36 | Build | Palisade Wall |
| 0:45 | Build | Palisade Wall |
| 0:58 | Research | Loom |
| 1:18 | Create | Villager (Male) |
| 1:46 | Build | Lumber Camp |
| 1:52 | Create | Villager (Male) |
| 2:36 | Create | Villager (Male) |
| 2:43 | Create | Villager (Male) |
| 3:15 | Create | Villager (Male) |
| 3:36 | Build | House |
| 3:38 | Build | House |
| 3:42 | Create | Villager (Male) |
| 4:26 | Create | Villager (Male) |
| 5:07 | Create | Villager (Male) |
| 5:22 | Build | House |
| 5:33 | Create | Villager (Male) |
| 5:55 | Create | Villager (Male) |
| 5:55 | Create | Villager (Male) |
| 6:18 | Create | Villager (Male) |
| 6:18 | Create | Villager (Male) |
| 6:33 | Create | Villager (Male) |
| 6:58 | Build | Mill |
| 7:26 | Build | Mining Camp |
| 7:36 | Create | Villager (Male) |
| 7:48 | Build | House |
| 8:02 | Create | Villager (Male) |
| 8:28 | Create | Villager (Male) |
| 8:49 | Create | Villager (Male) |
| 9:07 | Build | House |
| 9:21 | Create | Villager (Male) |
| 9:50 | Create | Villager (Male) |
| 10:05 | Build | House |
| 10:28 | Research | Feudal Age |
| 12:43 | Age | Feudal Age |
| 13:03 | Build | Market |
| 13:08 | Create | Villager (Male) |
| 13:15 | Build | Blacksmith |
| 13:41 | Create | Villager (Male) |
| 13:41 | Create | Villager (Male) |
| 14:00 | Research | Double-Bit Axe |
| 14:20 | Research | Castle Age |
| 14:21 | Research | Castle Age |
| 15:38 | Research | Horse Collar |
| 15:49 | Build | Farm |
| 15:57 | Build | Farm |
| 16:00 | Create | Villager (Male) |
| 16:06 | Build | Farm |
| 16:41 | Build | Farm |
| 17:00 | Age | Castle Age |
| 17:03 | Build | Monastery |
| 17:07 | Build | Siege Workshop |
| 17:09 | Create | Villager (Male) |
| 17:23 | Build | Mining Camp |
| 17:58 | Create | Monk |
| 18:00 | Research | Imperial Age |
| 18:17 | Build | Town Center |
| 19:10 | Build | University |
| 19:28 | Create | Villager (Male) |
| 19:30 | Create | Villager (Male) |
| 19:45 | Build | Barracks |
| 20:34 | Build | Barracks |
| 20:57 | Create | Villager (Male) |
| 20:58 | Create | Villager (Male) |
| 21:10 | Age | Imperial Age |
| 21:15 | Research | Chemistry |
| 21:24 | Build | Archery Range |
| 21:31 | Create | Villager (Male) |
| 21:38 | Build | Farm |
| 21:40 | Build | Farm |
| 21:44 | Build | Farm |
| 22:03 | Build | Farm |
| 22:18 | Create | Villager (Male) |
| 22:25 | Build | House |
| 22:26 | Build | House |
| 22:34 | Build | Barracks |
| 22:45 | Create | Villager (Male) |
| 22:51 | Create | Villager (Male) |
| 22:51 | Create | Villager (Male) |
| 22:51 | Create | Villager (Male) |
| 22:55 | Build | Farm |
| 22:56 | Build | Farm |
| 23:03 | Create | Bombard Cannon |
| 23:03 | Create | Bombard Cannon |
| 23:17 | Create | Villager (Male) |
| 23:29 | Create | Villager (Male) |
| 23:57 | Create | Bombard Cannon |
| 23:58 | Create | Villager (Male) |
| 24:09 | Build | Farm |
| 24:12 | Build | Archery Range |
| 24:15 | Create | Villager (Male) |
| 24:18 | Build | Farm |
| 24:21 | Build | Farm |
| 24:37 | Create | Villager (Male) |
| 24:37 | Create | Villager (Male) |
| 24:54 | Build | Farm |
| 25:00 | Build | House |
| 25:01 | Build | House |
| 25:14 | Build | Castle |
| 25:20 | Create | Villager (Male) |
| 25:27 | Create | Villager (Male) |
| 25:32 | Build | Town Center |
| 25:35 | Build | House |
| 25:37 | Build | House |
| 25:39 | Create | Villager (Male) |
| 25:39 | Create | Villager (Male) |
| 25:50 | Create | Villager (Male) |
| 26:28 | Research | Wheelbarrow |
| 26:52 | Create | Villager (Male) |
| 26:52 | Create | Villager (Male) |
| 27:05 | Build | Barracks |
| 27:08 | Create | Villager (Male) |
| 27:11 | Build | Farm |
| 27:11 | Build | Farm |
| 27:11 | Build | Farm |
| 27:11 | Build | Farm |
| 27:12 | Build | Farm |
| 27:15 | Create | Villager (Male) |
| 27:39 | Build | Market |
| 27:49 | Create | Villager (Male) |
| 28:01 | Create | Hand Cannoneer |
| 28:02 | Create | Hand Cannoneer |
| 28:17 | Create | Villager (Male) |
| 28:17 | Create | Villager (Male) |
| 28:29 | Create | Villager (Male) |
| 28:41 | Create | Villager (Male) |
| 28:47 | Build | Mill |
| 28:48 | Build | Farm |
| 28:48 | Build | Farm |
| 28:48 | Build | Farm |
| 28:48 | Build | Farm |
| 28:49 | Build | Farm |
| 28:49 | Build | Farm |
| 28:49 | Build | Farm |
| 28:52 | Create | Unit 882 |
| 29:15 | Create | Villager (Male) |
| 29:18 | Create | Hand Cannoneer |
| 29:18 | Create | Hand Cannoneer |
| 29:19 | Create | Hand Cannoneer |
| 29:56 | Create | Unit 882 |
| 29:56 | Create | Unit 882 |
| 30:14 | Create | Unit 882 |
| 30:14 | Create | Unit 882 |
| 30:15 | Create | Villager (Male) |
| 30:22 | Create | Unit 882 |
Build order — Sasha_Kive
First 150 of 333 actions detected
| 0:01 | Create | Villager (Male) ×4 |
| 0:04 | Build | House |
| 0:06 | Build | House |
| 1:25 | Create | Villager (Male) |
| 1:48 | Build | Mule Cart |
| 2:04 | Create | Villager (Male) |
| 2:46 | Create | Villager (Male) |
| 3:16 | Create | Villager (Male) |
| 3:16 | Create | Villager (Male) |
| 3:37 | Create | Villager (Male) |
| 3:59 | Build | House |
| 4:00 | Build | House |
| 4:11 | Create | Villager (Male) |
| 4:41 | Build | Mill |
| 4:45 | Create | Villager (Male) |
| 5:11 | Create | Villager (Male) |
| 5:21 | Create | Villager (Male) |
| 5:59 | Build | House |
| 6:18 | Create | Villager (Male) |
| 6:18 | Create | Villager (Male) |
| 6:18 | Create | Villager (Male) |
| 6:45 | Create | Villager (Male) |
| 6:45 | Create | Villager (Male) |
| 7:06 | Build | Mill |
| 7:12 | Build | Mule Cart |
| 7:33 | Create | Villager (Male) |
| 7:37 | Create | Villager (Male) |
| 8:27 | Create | Villager (Male) |
| 8:27 | Create | Villager (Male) |
| 8:28 | Create | Villager (Male) |
| 9:36 | Research | Loom |
| 9:37 | Research | Feudal Age |
| 9:58 | Create | Villager (Male) |
| 9:59 | Create | Villager (Male) |
| 10:40 | Build | Farm |
| 10:43 | Build | Farm |
| 11:52 | Build | House |
| 12:13 | Age | Feudal Age |
| 12:21 | Build | Market |
| 12:37 | Build | Blacksmith |
| 12:42 | Build | Blacksmith |
| 13:09 | Build | Mule Cart |
| 13:27 | Research | Castle Age |
| 13:35 | Build | Stone Wall |
| 13:43 | Build | Farm |
| 13:46 | Build | Farm |
| 13:47 | Build | Farm |
| 13:50 | Build | House |
| 13:53 | Build | Farm |
| 13:55 | Build | Farm |
| 14:01 | Research | Double-Bit Axe |
| 14:15 | Build | Farm |
| 14:17 | Build | Farm |
| 14:42 | Build | Stone Wall |
| 14:49 | Build | Farm |
| 15:10 | Research | Horse Collar |
| 15:35 | Build | Farm |
| 16:07 | Age | Castle Age |
| 16:30 | Build | Monastery |
| 16:44 | Build | Monastery |
| 16:48 | Build | House |
| 16:56 | Create | Villager (Male) |
| 16:56 | Create | Villager (Male) |
| 16:57 | Create | Villager (Male) |
| 17:02 | Research | Heavy Plow |
| 17:07 | Research | Bow Saw |
| 17:25 | Create | Warrior Priest |
| 17:25 | Create | Warrior Priest |
| 17:40 | Build | Stone Wall |
| 17:52 | Create | Villager (Male) |
| 17:52 | Create | Villager (Male) |
| 17:56 | Build | Mule Cart |
| 18:48 | Create | Warrior Priest |
| 18:48 | Create | Warrior Priest |
| 18:52 | Create | Villager (Male) |
| 18:52 | Create | Villager (Male) |
| 19:00 | Build | House |
| 19:01 | Build | House |
| 19:01 | Build | House |
| 19:07 | Build | Town Center |
| 19:36 | Build | Barracks |
| 20:10 | Create | Warrior Priest |
| 20:10 | Create | Warrior Priest |
| 20:18 | Build | Mule Cart |
| 20:22 | Research | Arson |
| 20:24 | Research | Squires |
| 20:26 | Create | Villager (Male) |
| 20:27 | Create | Villager (Male) |
| 20:27 | Create | Villager (Male) |
| 20:34 | Research | Scale Mail Armor |
| 20:47 | Build | Monastery |
| 21:09 | Create | Warrior Priest |
| 21:11 | Create | Warrior Priest |
| 21:29 | Create | Villager (Male) |
| 21:29 | Create | Villager (Male) |
| 21:31 | Research | Wheelbarrow |
| 22:00 | Create | Warrior Priest |
| 22:00 | Create | Warrior Priest |
| 22:01 | Create | Warrior Priest |
| 22:49 | Create | Warrior Priest |
| 22:50 | Create | Warrior Priest |
| 22:51 | Create | Villager (Male) |
| 22:51 | Create | Villager (Male) |
| 22:52 | Create | Villager (Male) |
| 22:58 | Build | Town Center |
| 23:11 | Create | Warrior Priest |
| 23:47 | Create | Villager (Male) ×2 |
| 23:51 | Build | Farm |
| 23:51 | Build | Farm |
| 23:51 | Build | Farm |
| 23:52 | Build | Farm |
| 23:52 | Build | Farm |
| 23:52 | Build | Farm |
| 23:52 | Build | Farm |
| 23:53 | Build | Farm |
| 23:53 | Build | Farm |
| 23:57 | Build | House |
| 23:58 | Build | House |
| 23:58 | Build | House |
| 23:58 | Build | House |
| 23:59 | Build | House |
| 23:59 | Build | House |
| 23:59 | Build | House |
| 23:59 | Build | House |
| 24:50 | Build | Siege Workshop |
| 25:20 | Build | Farm |
| 25:21 | Build | Farm |
| 25:21 | Build | Farm |
| 25:21 | Build | Farm |
| 25:21 | Build | Farm |
| 25:22 | Build | Farm |
| 25:22 | Build | Farm |
| 25:22 | Build | Farm |
| 25:22 | Build | Farm |
| 25:25 | Create | Villager (Male) ×5 |
| 25:47 | Create | Battering Ram |
| 26:10 | Build | Farm |
| 26:19 | Research | Gold Mining |
| 26:20 | Research | Stone Mining |
| 26:36 | Create | Battering Ram |
| 26:56 | Create | Battering Ram |
| 27:24 | Create | Warrior Priest |
| 27:25 | Create | Warrior Priest |
| 27:36 | Create | Battering Ram |
| 27:38 | Create | Villager (Male) ×5 |
| 28:38 | Research | Chain Mail Armor |
| 28:38 | Research | Forging |
| 28:40 | Create | Villager (Male) ×5 |
| 28:49 | Build | Mule Cart |
| 28:51 | Create | Villager (Male) |
Build order — darkwwww2015
First 150 of 172 actions detected
| 0:01 | Create | Villager (Male) |
| 0:01 | Create | Villager (Male) |
| 0:02 | Build | House |
| 0:04 | Build | House |
| 0:54 | Create | Villager (Male) |
| 0:54 | Create | Villager (Male) |
| 1:17 | Build | Palisade Wall |
| 1:32 | Research | Loom |
| 1:46 | Create | Villager (Male) |
| 1:46 | Create | Villager (Male) |
| 2:11 | Create | Villager (Male) |
| 3:15 | Build | Palisade Wall |
| 3:22 | Create | Villager (Male) |
| 3:28 | Build | House |
| 3:49 | Build | House |
| 3:56 | Create | Villager (Male) |
| 4:28 | Create | Villager (Male) |
| 4:28 | Create | Villager (Male) |
| 4:29 | Create | Villager (Male) |
| 5:04 | Build | House |
| 5:39 | Create | Villager (Male) |
| 5:56 | Create | Villager (Male) |
| 6:28 | Build | Lumber Camp |
| 6:29 | Create | Villager (Male) |
| 6:58 | Create | Villager (Male) |
| 6:59 | Create | Villager (Male) |
| 7:01 | Build | House |
| 7:21 | Create | Villager (Male) |
| 7:38 | Create | Villager (Male) |
| 8:02 | Create | Villager (Male) |
| 8:30 | Create | Villager (Male) |
| 8:40 | Build | Barracks |
| 8:45 | Create | Villager (Male) |
| 8:51 | Build | House |
| 9:05 | Create | Villager (Male) |
| 9:20 | Build | Mining Camp |
| 9:32 | Create | Militia |
| 9:53 | Create | Militia |
| 9:58 | Create | Villager (Male) |
| 10:04 | Research | Feudal Age |
| 10:15 | Create | Militia |
| 10:43 | Create | Militia |
| 10:46 | Build | House |
| 10:56 | Build | Mill |
| 11:39 | Create | Militia |
| 12:02 | Create | Militia |
| 12:28 | Age | Feudal Age |
| 12:30 | Research | Man-at-Arms (upgrade) |
| 12:47 | Create | Villager (Male) |
| 12:47 | Create | Villager (Male) |
| 13:07 | Research | Horse Collar |
| 13:33 | Build | Farm |
| 13:33 | Build | Farm |
| 13:33 | Build | Farm |
| 13:33 | Build | Farm |
| 13:34 | Build | Farm |
| 13:34 | Build | Farm |
| 13:37 | Research | Double-Bit Axe |
| 13:53 | Build | Farm |
| 13:58 | Create | Militia |
| 14:08 | Build | Farm |
| 14:12 | Build | Farm |
| 14:35 | Create | Villager (Male) |
| 14:35 | Create | Villager (Male) |
| 14:38 | Create | Militia |
| 14:45 | Build | Farm |
| 15:12 | Create | Spearman |
| 15:19 | Build | House |
| 15:27 | Create | Villager (Male) |
| 15:36 | Build | House |
| 15:52 | Create | Spearman |
| 16:06 | Create | Villager (Male) |
| 16:06 | Create | Villager (Male) |
| 16:21 | Create | Spearman |
| 16:36 | Create | Spearman |
| 16:58 | Create | Spearman |
| 17:00 | Create | Militia |
| 17:23 | Build | Blacksmith |
| 17:57 | Build | Market |
| 18:31 | Research | Castle Age |
| 19:01 | Create | Militia |
| 19:12 | Create | Villager (Male) |
| 19:19 | Create | Militia |
| 19:39 | Build | Farm |
| 19:40 | Build | Farm |
| 19:42 | Build | Farm |
| 19:43 | Build | Farm |
| 19:44 | Build | Farm |
| 20:00 | Create | Militia |
| 20:12 | Create | Militia |
| 20:17 | Research | Forging |
| 20:46 | Create | Militia |
| 21:11 | Age | Castle Age |
| 21:17 | Build | Town Center |
| 21:19 | Create | Villager (Male) |
| 21:20 | Create | Villager (Male) |
| 21:20 | Create | Villager (Male) |
| 21:28 | Build | Town Center |
| 21:53 | Create | Militia |
| 22:10 | Create | Villager (Male) |
| 22:16 | Create | Militia |
| 22:42 | Create | Villager (Male) |
| 22:43 | Create | Villager (Male) |
| 22:43 | Create | Villager (Male) |
| 22:47 | Build | Farm |
| 22:47 | Build | Farm |
| 22:48 | Build | Farm |
| 22:48 | Build | Farm |
| 22:49 | Build | Farm |
| 23:15 | Create | Villager (Male) |
| 23:15 | Create | Villager (Male) |
| 23:35 | Create | Villager (Male) |
| 23:35 | Create | Villager (Male) |
| 23:50 | Build | Farm |
| 23:52 | Build | Farm |
| 24:34 | Create | Villager (Male) |
| 24:36 | Create | Villager (Male) |
| 24:41 | Build | Farm |
| 24:43 | Build | Farm |
| 24:59 | Research | Fletching |
| 25:22 | Research | Bow Saw |
| 25:58 | Research | Bodkin Arrow |
| 26:11 | Build | House |
| 26:39 | Build | Castle |
| 26:44 | Create | Villager (Male) |
| 26:45 | Create | Villager (Male) |
| 26:45 | Create | Villager (Male) |
| 27:09 | Create | Villager (Male) |
| 27:22 | Build | Barracks |
| 27:49 | Research | Scale Mail Armor |
| 28:03 | Create | Spearman |
| 28:03 | Create | Spearman |
| 28:10 | Build | House |
| 28:12 | Build | House |
| 29:08 | Research | Wheelbarrow |
| 30:23 | Build | Palisade Wall |
| 30:28 | Build | Palisade Wall |
| 31:22 | Build | Lumber Camp |
| 37:06 | Build | Town Center |
| 37:14 | Build | Palisade Wall |
| 39:19 | Build | Town Center |
| 40:33 | Research | Bow Saw |
| 42:26 | Create | Villager (Male) |
| 42:27 | Create | Villager (Male) |
| 42:27 | Create | Villager (Male) |
| 42:28 | Create | Villager (Male) |
| 42:59 | Build | Town Center |
| 44:02 | Create | Villager (Male) |
| 44:02 | Create | Villager (Male) |
| 44:09 | Build | House |
Build order — livulove
First 150 of 397 actions detected
| 0:01 | Create | Villager (Male) ×4 |
| 0:02 | Build | House |
| 0:04 | Build | House |
| 1:23 | Create | Villager (Male) |
| 1:54 | Create | Villager (Male) |
| 1:58 | Build | Lumber Camp |
| 2:33 | Create | Villager (Male) |
| 2:52 | Create | Villager (Male) |
| 3:03 | Create | Villager (Male) |
| 3:25 | Build | House |
| 3:38 | Create | Villager (Male) |
| 3:39 | Create | Villager (Male) |
| 3:58 | Build | Mill |
| 4:08 | Create | Villager (Male) |
| 4:08 | Create | Villager (Male) |
| 4:44 | Create | Villager (Male) |
| 5:08 | Create | Villager (Male) |
| 5:08 | Create | Villager (Male) |
| 5:11 | Create | Villager (Male) |
| 5:11 | Create | Villager (Male) |
| 5:57 | Build | House |
| 5:58 | Create | Villager (Male) |
| 5:58 | Create | Villager (Male) |
| 7:10 | Build | House |
| 7:11 | Create | Villager (Male) |
| 7:37 | Build | Mining Camp |
| 8:15 | Build | House |
| 8:17 | Create | Villager (Male) |
| 8:56 | Research | Feudal Age |
| 9:55 | Build | House |
| 10:16 | Create | Villager (Male) |
| 10:16 | Create | Villager (Male) |
| 10:34 | Create | Villager (Male) |
| 11:06 | Age | Feudal Age |
| 11:12 | Build | Market |
| 11:15 | Build | Blacksmith |
| 11:19 | Research | Double-Bit Axe |
| 12:04 | Research | Castle Age |
| 12:27 | Research | Horse Collar |
| 14:42 | Create | Villager (Male) |
| 14:44 | Age | Castle Age |
| 14:48 | Build | Town Center |
| 14:57 | Build | Town Center |
| 14:58 | Create | Villager (Male) |
| 15:03 | Research | Bow Saw |
| 15:09 | Build | Farm |
| 15:13 | Build | Farm |
| 15:25 | Create | Villager (Male) |
| 15:55 | Create | Villager (Male) |
| 16:01 | Create | Villager (Male) |
| 16:03 | Build | Farm |
| 16:06 | Build | Farm |
| 16:08 | Create | Villager (Male) |
| 16:11 | Create | Villager (Male) |
| 16:16 | Create | Villager (Male) |
| 16:25 | Build | Town Center |
| 16:32 | Build | House |
| 16:35 | Create | Villager (Male) |
| 16:44 | Build | Farm |
| 16:46 | Create | Villager (Male) |
| 16:48 | Create | Villager (Male) |
| 16:55 | Build | Farm |
| 16:58 | Create | Villager (Male) |
| 17:06 | Create | Villager (Male) |
| 17:13 | Build | Farm |
| 17:16 | Create | Villager (Male) |
| 17:17 | Create | Villager (Male) |
| 17:20 | Build | Farm |
| 17:52 | Build | Farm |
| 17:57 | Build | Farm |
| 17:59 | Build | Farm |
| 18:01 | Build | Farm |
| 18:03 | Create | Villager (Male) |
| 18:03 | Create | Villager (Male) |
| 18:04 | Create | Villager (Male) |
| 18:05 | Create | Villager (Male) |
| 18:12 | Build | House |
| 18:17 | Build | Farm |
| 18:22 | Build | Farm |
| 18:25 | Build | Farm |
| 18:27 | Create | Villager (Male) |
| 18:31 | Build | Mining Camp |
| 18:37 | Build | House |
| 18:39 | Create | Villager (Male) |
| 18:41 | Build | Farm |
| 18:43 | Build | Farm |
| 18:47 | Create | Villager (Male) |
| 18:58 | Build | Farm |
| 19:03 | Create | Villager (Male) |
| 19:10 | Build | Farm |
| 19:15 | Create | Villager (Male) |
| 19:19 | Build | Farm |
| 19:20 | Build | Farm |
| 19:23 | Create | Villager (Male) |
| 19:27 | Create | Villager (Male) |
| 19:41 | Build | Palisade Wall |
| 19:43 | Build | Palisade Wall |
| 19:50 | Create | Villager (Male) |
| 19:53 | Build | House |
| 19:55 | Build | House |
| 19:56 | Create | Villager (Male) |
| 19:57 | Create | Villager (Male) |
| 20:01 | Build | Farm |
| 20:02 | Build | Farm |
| 20:13 | Build | Farm |
| 20:14 | Create | Villager (Male) |
| 20:17 | Create | Villager (Male) |
| 20:28 | Create | Villager (Male) |
| 20:35 | Create | Villager (Male) |
| 20:36 | Create | Villager (Male) |
| 20:47 | Build | Farm |
| 20:48 | Create | Villager (Male) |
| 20:53 | Build | House |
| 21:03 | Create | Villager (Male) |
| 21:04 | Create | Villager (Male) |
| 21:04 | Create | Villager (Male) |
| 21:07 | Build | Farm |
| 21:11 | Build | House |
| 21:15 | Build | House |
| 21:19 | Build | Palisade Wall |
| 21:22 | Build | Farm |
| 21:29 | Build | Farm |
| 21:29 | Create | Villager (Male) |
| 21:30 | Create | Villager (Male) |
| 21:31 | Create | Villager (Male) |
| 21:32 | Create | Villager (Male) |
| 21:34 | Build | Farm |
| 21:45 | Create | Villager (Male) |
| 21:50 | Create | Villager (Male) |
| 21:51 | Create | Villager (Male) |
| 21:57 | Build | Farm |
| 22:10 | Create | Villager (Male) |
| 22:16 | Research | Loom |
| 22:19 | Create | Villager (Male) |
| 22:23 | Build | Farm |
| 22:31 | Build | Castle |
| 22:41 | Build | Palisade Wall |
| 22:44 | Build | House |
| 22:46 | Build | House |
| 22:50 | Create | Villager (Male) |
| 22:51 | Create | Villager (Male) |
| 22:51 | Create | Villager (Male) |
| 22:52 | Create | Villager (Male) |
| 23:02 | Create | Villager (Male) |
| 23:02 | Create | Villager (Male) |
| 23:04 | Create | Villager (Male) |
| 23:06 | Build | Farm |
| 23:07 | Build | Farm |
| 23:08 | Build | Farm |
| 23:10 | Build | Farm |
Build order — Vanchella
First 150 of 273 actions detected
| 0:03 | Create | Villager (Male) |
| 0:03 | Create | Villager (Male) |
| 0:04 | Create | Villager (Male) |
| 0:04 | Create | Villager (Male) |
| 0:38 | Create | Villager (Male) |
| 0:41 | Create | Villager (Male) |
| 0:41 | Create | Villager (Male) |
| 0:56 | Research | Loom |
| 1:00 | Create | Villager (Male) |
| 1:00 | Create | Villager (Male) |
| 1:16 | Create | Villager (Male) |
| 1:47 | Create | Villager (Male) |
| 2:29 | Build | Palisade Wall |
| 2:33 | Create | Villager (Male) |
| 2:33 | Create | Villager (Male) |
| 2:45 | Create | Villager (Male) |
| 3:02 | Create | Villager (Male) |
| 3:07 | Build | Mill |
| 3:38 | Create | Villager (Male) |
| 4:21 | Create | Villager (Male) |
| 4:21 | Create | Villager (Male) |
| 4:50 | Create | Villager (Male) |
| 4:50 | Create | Villager (Male) |
| 4:51 | Create | Villager (Male) |
| 5:44 | Create | Villager (Male) |
| 5:44 | Create | Villager (Male) |
| 5:44 | Create | Villager (Male) |
| 6:30 | Create | Villager (Male) |
| 6:38 | Create | Villager (Male) |
| 6:38 | Create | Villager (Male) |
| 6:51 | Build | Lumber Camp |
| 7:18 | Create | Villager (Male) |
| 7:18 | Create | Villager (Male) |
| 7:18 | Create | Villager (Male) |
| 7:34 | Create | Villager (Male) |
| 7:40 | Create | Villager (Male) |
| 7:58 | Create | Villager (Male) |
| 8:41 | Research | Feudal Age |
| 9:55 | Create | Villager (Male) |
| 10:02 | Build | Barracks |
| 10:41 | Build | Barracks |
| 10:58 | Age | Feudal Age |
| 11:02 | Research | Double-Bit Axe |
| 11:54 | Create | Villager (Male) |
| 11:55 | Create | Villager (Male) |
| 12:04 | Build | Palisade Wall |
| 12:05 | Build | Palisade Wall |
| 12:10 | Build | Palisade Wall |
| 12:43 | Create | Villager (Male) |
| 12:44 | Create | Villager (Male) |
| 12:46 | Build | Stable |
| 12:55 | Build | Palisade Wall |
| 13:03 | Create | Villager (Male) |
| 13:07 | Build | Archery Range |
| 13:11 | Build | Mining Camp |
| 13:17 | Create | Villager (Male) |
| 13:34 | Build | Lumber Camp |
| 13:36 | Create | Villager (Male) |
| 14:00 | Create | Archer |
| 14:01 | Create | Archer |
| 14:08 | Create | Scout Cavalry |
| 14:08 | Create | Scout Cavalry |
| 14:25 | Create | Archer |
| 14:39 | Create | Scout Cavalry |
| 15:16 | Create | Scout Cavalry |
| 15:20 | Create | Villager (Male) |
| 15:21 | Create | Villager (Male) |
| 16:15 | Create | Villager (Male) |
| 16:15 | Create | Villager (Male) |
| 16:19 | Research | Horse Collar |
| 16:22 | Build | Farm |
| 16:22 | Build | Farm |
| 16:22 | Build | Farm |
| 16:22 | Build | Farm |
| 16:28 | Build | Farm |
| 16:28 | Build | Farm |
| 16:28 | Build | Farm |
| 16:48 | Create | Villager (Male) |
| 16:55 | Build | Farm |
| 16:56 | Build | Farm |
| 16:57 | Build | Farm |
| 17:03 | Build | Farm |
| 17:12 | Create | Villager (Male) |
| 17:16 | Build | Farm |
| 17:17 | Build | Farm |
| 17:21 | Build | Farm |
| 17:51 | Create | Villager (Male) |
| 18:04 | Build | Palisade Wall |
| 18:06 | Build | Palisade Wall |
| 18:09 | Create | Villager (Male) |
| 18:13 | Build | Farm |
| 18:14 | Build | Farm |
| 18:15 | Create | Villager (Male) |
| 18:16 | Research | Castle Age |
| 18:50 | Build | Mining Camp |
| 19:17 | Build | Farm |
| 19:19 | Build | Farm |
| 19:48 | Create | Villager (Male) |
| 20:04 | Create | Villager (Male) |
| 20:11 | Build | Palisade Wall |
| 20:14 | Build | Palisade Gate |
| 21:00 | Age | Castle Age |
| 21:02 | Create | Villager (Male) |
| 21:30 | Create | Villager (Male) |
| 21:38 | Build | Stable |
| 21:52 | Create | Villager (Male) |
| 22:14 | Create | Villager (Male) |
| 22:32 | Create | Villager (Male) |
| 23:12 | Build | Castle |
| 23:20 | Create | Villager (Male) |
| 23:24 | Create | Villager (Male) |
| 23:25 | Create | Villager (Male) |
| 23:42 | Build | Castle |
| 23:52 | Build | Blacksmith |
| 23:55 | Research | Husbandry |
| 23:55 | Research | Bloodlines |
| 24:00 | Create | Villager (Male) |
| 24:03 | Research | Gold Mining |
| 24:25 | Research | Bow Saw |
| 24:26 | Create | Villager (Male) |
| 24:27 | Create | Villager (Male) |
| 24:47 | Build | Blacksmith |
| 25:02 | Build | Stable |
| 25:09 | Create | Knight |
| 25:11 | Create | Knight |
| 25:38 | Research | Marauders |
| 25:40 | Create | Tarkan |
| 25:51 | Research | Scale Mail Armor |
| 25:53 | Research | Scale Barding Armor |
| 25:54 | Research | Forging |
| 26:16 | Create | Villager (Male) |
| 26:17 | Create | Villager (Male) |
| 26:20 | Create | Tarkan |
| 26:22 | Create | Tarkan |
| 26:25 | Create | Tarkan |
| 26:25 | Create | Tarkan |
| 26:27 | Build | Stable |
| 26:30 | Build | Stable |
| 26:53 | Research | Chain Barding Armor |
| 26:59 | Create | Tarkan |
| 26:59 | Create | Tarkan |
| 27:00 | Create | Tarkan |
| 27:02 | Create | Tarkan |
| 27:35 | Create | Tarkan |
| 27:35 | Create | Tarkan |
| 27:36 | Create | Tarkan |
| 27:37 | Research | Iron Casting |
| 27:47 | Create | Tarkan |
| 27:57 | Create | Villager (Male) |
| 27:57 | Create | Villager (Male) |
Build order — BLACK EAGLE
First 150 of 364 actions detected
| 0:00 | Create | Villager (Male) |
| 0:01 | Create | Villager (Male) |
| 0:02 | Create | Villager (Male) |
| 0:03 | Build | House |
| 0:04 | Build | House |
| 0:10 | Create | Villager (Male) |
| 1:27 | Create | Villager (Male) |
| 1:49 | Create | Villager (Male) |
| 2:34 | Create | Villager (Male) |
| 2:34 | Create | Villager (Male) |
| 2:48 | Create | Villager (Male) |
| 3:19 | Create | Villager (Male) |
| 4:03 | Create | Villager (Male) |
| 4:09 | Build | House |
| 4:12 | Create | Villager (Male) |
| 4:23 | Create | Villager (Male) |
| 4:23 | Create | Villager (Male) |
| 4:33 | Build | Lumber Camp |
| 4:43 | Create | Villager (Male) |
| 4:43 | Create | Villager (Male) |
| 4:51 | Build | Lumber Camp |
| 5:23 | Create | Villager (Male) |
| 5:24 | Create | Villager (Male) |
| 5:30 | Create | Villager (Male) |
| 5:45 | Create | Villager (Male) |
| 5:56 | Create | Villager (Male) |
| 5:56 | Create | Villager (Male) |
| 6:01 | Build | House |
| 6:33 | Create | Villager (Male) |
| 6:58 | Build | Lumber Camp |
| 7:26 | Create | Villager (Male) |
| 8:04 | Create | Villager (Male) |
| 8:06 | Build | House |
| 8:08 | Build | Mill |
| 8:20 | Create | Villager (Male) |
| 8:48 | Create | Villager (Male) |
| 9:22 | Build | Mining Camp |
| 9:31 | Build | Farm |
| 9:32 | Build | Farm |
| 9:33 | Build | Farm |
| 9:44 | Research | Feudal Age |
| 11:03 | Create | Villager (Male) |
| 11:26 | Build | Farm |
| 12:14 | Age | Feudal Age |
| 12:20 | Create | Villager (Male) |
| 12:40 | Create | Villager (Male) |
| 12:52 | Build | House |
| 13:08 | Research | Castle Age |
| 13:13 | Build | Farm |
| 13:13 | Build | Farm |
| 13:14 | Build | Farm |
| 13:15 | Build | Farm |
| 13:18 | Research | Horse Collar |
| 13:21 | Research | Double-Bit Axe |
| 13:24 | Build | Farm |
| 14:42 | Build | Farm |
| 14:43 | Build | Farm |
| 14:44 | Build | Farm |
| 14:46 | Build | Farm |
| 14:58 | Create | Villager (Male) |
| 14:58 | Create | Villager (Male) |
| 14:59 | Create | Villager (Male) |
| 15:08 | Create | Villager (Male) |
| 15:08 | Create | Villager (Male) |
| 15:09 | Create | Villager (Male) |
| 15:48 | Age | Castle Age |
| 15:49 | Build | Town Center |
| 15:53 | Build | Town Center |
| 15:58 | Research | Bow Saw |
| 16:03 | Research | Heavy Plow |
| 16:08 | Create | Villager (Male) |
| 16:40 | Create | Villager (Male) |
| 16:58 | Build | Farm |
| 16:58 | Build | Farm |
| 16:59 | Build | Farm |
| 17:00 | Build | Farm |
| 17:01 | Create | Villager (Male) |
| 17:01 | Create | Villager (Male) |
| 17:02 | Create | Villager (Male) |
| 17:11 | Build | Farm |
| 17:14 | Create | Villager (Male) |
| 17:14 | Create | Villager (Male) |
| 17:14 | Create | Villager (Male) |
| 17:15 | Create | Villager (Male) |
| 17:15 | Create | Villager (Male) |
| 17:16 | Create | Villager (Male) |
| 17:20 | Create | Villager (Male) |
| 17:20 | Create | Villager (Male) |
| 17:21 | Create | Villager (Male) |
| 17:21 | Create | Villager (Male) |
| 17:21 | Create | Villager (Male) |
| 17:22 | Create | Villager (Male) |
| 17:36 | Build | Lumber Camp |
| 17:41 | Create | Villager (Male) |
| 17:42 | Create | Villager (Male) |
| 17:52 | Build | Lumber Camp |
| 17:55 | Create | Villager (Male) |
| 17:55 | Create | Villager (Male) |
| 18:09 | Build | House |
| 18:13 | Create | Villager (Male) |
| 18:13 | Create | Villager (Male) |
| 18:13 | Create | Villager (Male) |
| 18:34 | Build | Farm |
| 18:36 | Build | Farm |
| 18:37 | Build | Farm |
| 18:39 | Create | Villager (Male) |
| 18:40 | Create | Villager (Male) |
| 18:40 | Create | Villager (Male) |
| 18:41 | Create | Villager (Male) |
| 18:43 | Build | House |
| 19:11 | Create | Villager (Male) |
| 19:11 | Create | Villager (Male) |
| 19:11 | Create | Villager (Male) |
| 19:14 | Build | House |
| 19:22 | Create | Villager (Male) |
| 19:23 | Create | Villager (Male) |
| 19:23 | Create | Villager (Male) |
| 19:24 | Create | Villager (Male) |
| 19:32 | Build | Town Center |
| 19:34 | Create | Villager (Male) |
| 19:34 | Create | Villager (Male) |
| 19:35 | Create | Villager (Male) |
| 19:50 | Build | Lumber Camp |
| 20:00 | Build | Farm |
| 20:02 | Build | Farm |
| 20:02 | Build | Farm |
| 20:06 | Create | Villager (Male) |
| 20:06 | Create | Villager (Male) |
| 20:12 | Research | Wheelbarrow |
| 20:12 | Research | Loom |
| 20:13 | Research | Town Watch |
| 20:20 | Create | Villager (Male) |
| 20:21 | Create | Villager (Male) |
| 20:37 | Create | Villager (Male) |
| 20:37 | Create | Villager (Male) |
| 20:38 | Create | Villager (Male) |
| 20:38 | Create | Villager (Male) |
| 20:38 | Create | Villager (Male) |
| 21:11 | Build | Farm |
| 21:13 | Create | Villager (Male) |
| 21:14 | Create | Villager (Male) |
| 21:14 | Create | Villager (Male) |
| 21:15 | Create | Villager (Male) |
| 21:15 | Create | Villager (Male) |
| 21:16 | Create | Villager (Male) |
| 21:16 | Create | Villager (Male) |
| 21:27 | Build | Farm |
| 21:34 | Build | House |
| 21:35 | Build | House |
| 21:35 | Build | House |
Build order — Martin Eden
First 150 of 443 actions detected
| 0:01 | Create | Villager (Male) |
| 0:02 | Build | House |
| 0:03 | Build | House |
| 0:09 | Create | Villager (Male) |
| 0:19 | Create | Villager (Male) |
| 0:25 | Create | Villager (Male) |
| 1:30 | Create | Villager (Male) |
| 1:36 | Research | Loom |
| 1:50 | Create | Villager (Male) |
| 1:58 | Build | Palisade Wall |
| 2:03 | Build | Palisade Wall |
| 2:06 | Build | Palisade Wall |
| 2:09 | Create | Villager (Male) |
| 2:28 | Create | Villager (Male) |
| 3:14 | Create | Villager (Male) |
| 3:28 | Build | Palisade Wall |
| 3:37 | Create | Villager (Male) |
| 3:46 | Build | Lumber Camp |
| 3:48 | Create | Villager (Male) |
| 4:12 | Create | Villager (Male) |
| 4:22 | Build | House |
| 4:57 | Create | Villager (Male) |
| 5:21 | Create | Villager (Male) |
| 5:37 | Build | Palisade Wall |
| 5:39 | Build | Palisade Wall |
| 5:50 | Create | Villager (Male) |
| 6:12 | Create | Villager (Male) |
| 6:23 | Build | Palisade Wall |
| 6:23 | Build | Palisade Wall |
| 6:33 | Build | Mill |
| 6:38 | Create | Villager (Male) |
| 6:53 | Build | Palisade Wall |
| 6:59 | Build | Palisade Wall |
| 7:01 | Create | Villager (Male) |
| 7:10 | Build | House |
| 7:14 | Create | Villager (Male) |
| 7:47 | Create | Villager (Male) |
| 7:57 | Create | Villager (Male) |
| 8:06 | Build | Palisade Wall |
| 8:08 | Build | House |
| 8:16 | Create | Villager (Male) |
| 8:55 | Create | Villager (Male) |
| 9:03 | Build | Mining Camp |
| 9:28 | Build | House |
| 9:32 | Build | House |
| 9:40 | Create | Villager (Male) |
| 9:43 | Research | Feudal Age |
| 10:07 | Build | House |
| 10:42 | Build | House |
| 11:07 | Create | Villager (Male) |
| 11:44 | Create | Villager (Male) |
| 12:18 | Age | Feudal Age |
| 12:20 | Build | Blacksmith |
| 12:45 | Research | Double-Bit Axe |
| 12:56 | Build | Market |
| 13:04 | Create | Villager (Male) |
| 13:47 | Research | Double-Bit Axe |
| 13:51 | Research | Castle Age |
| 13:51 | Research | Castle Age |
| 14:51 | Build | Barracks |
| 15:03 | Create | Villager (Male) |
| 15:52 | Build | House |
| 16:31 | Age | Castle Age |
| 16:36 | Build | Town Center |
| 16:40 | Research | Bow Saw |
| 17:03 | Create | Villager (Male) |
| 17:09 | Create | Villager (Male) |
| 17:13 | Build | Farm |
| 17:14 | Build | Farm |
| 17:21 | Build | Barracks |
| 17:25 | Build | Farm |
| 17:37 | Build | Farm |
| 17:40 | Research | Forging |
| 18:00 | Build | Stone Wall |
| 18:08 | Create | Villager (Male) |
| 18:08 | Create | Villager (Male) |
| 18:10 | Create | Villager (Male) |
| 18:12 | Research | Scale Barding Armor |
| 18:15 | Create | Villager (Male) |
| 18:24 | Build | Stable |
| 18:31 | Create | Villager (Male) |
| 18:32 | Create | Villager (Male) |
| 18:36 | Build | Farm |
| 18:40 | Build | Farm |
| 18:42 | Build | Farm |
| 18:44 | Build | Farm |
| 18:59 | Create | Villager (Male) |
| 19:07 | Build | Farm |
| 19:08 | Build | Farm |
| 19:10 | Build | Farm |
| 19:11 | Build | Farm |
| 19:15 | Build | Farm |
| 19:17 | Build | Farm |
| 19:21 | Create | Villager (Male) |
| 19:33 | Build | Farm |
| 19:38 | Build | Farm |
| 19:42 | Build | Farm |
| 19:44 | Create | Villager (Male) |
| 19:44 | Create | Villager (Male) |
| 19:59 | Create | Villager (Male) |
| 20:05 | Build | Stable |
| 20:23 | Create | Villager (Male) |
| 20:24 | Create | Villager (Male) |
| 20:27 | Build | Farm |
| 20:29 | Build | Farm |
| 20:40 | Build | House |
| 20:44 | Create | Villager (Male) |
| 20:45 | Create | Villager (Male) |
| 20:47 | Build | Farm |
| 20:53 | Build | Farm |
| 21:00 | Create | Villager (Male) |
| 21:19 | Build | Farm |
| 21:24 | Build | Farm |
| 21:26 | Create | Villager (Male) |
| 21:26 | Create | Villager (Male) |
| 21:26 | Create | Villager (Male) |
| 21:34 | Build | Mining Camp |
| 21:38 | Build | Farm |
| 21:40 | Create | Villager (Male) |
| 21:40 | Create | Villager (Male) |
| 21:44 | Create | Knight |
| 21:44 | Create | Knight |
| 21:49 | Build | House |
| 22:03 | Create | Villager (Male) |
| 22:07 | Build | Farm |
| 22:09 | Build | Farm |
| 22:10 | Build | Farm |
| 22:17 | Create | Knight |
| 22:19 | Create | Knight |
| 22:20 | Create | Villager (Male) |
| 22:20 | Create | Villager (Male) |
| 22:21 | Create | Villager (Male) |
| 22:25 | Build | House |
| 22:32 | Build | Farm |
| 22:35 | Build | Farm |
| 22:39 | Build | Farm |
| 22:41 | Research | Wheelbarrow |
| 22:46 | Build | Farm |
| 22:49 | Build | Farm |
| 22:58 | Create | Villager (Male) |
| 22:58 | Create | Villager (Male) |
| 23:02 | Build | Farm |
| 23:05 | Create | Knight |
| 23:08 | Create | Knight |
| 23:15 | Build | House |
| 23:17 | Build | House |
| 23:18 | Create | Villager (Male) |
| 23:19 | Create | Villager (Male) |
| 23:25 | Build | Farm |
| 23:48 | Create | Villager (Male) |
Build order — DaTuRa
First 150 of 540 actions detected
| 0:00 | Create | Villager (Male) |
| 0:01 | Create | Villager (Male) |
| 0:01 | Create | Villager (Male) |
| 0:02 | Build | House |
| 0:04 | Build | House |
| 0:09 | Create | Villager (Male) |
| 1:22 | Create | Villager (Male) |
| 1:51 | Create | Villager (Male) |
| 2:10 | Create | Villager (Male) |
| 2:10 | Create | Villager (Male) |
| 2:42 | Create | Villager (Male) |
| 2:42 | Create | Villager (Male) |
| 3:13 | Create | Villager (Male) |
| 3:29 | Build | House |
| 3:49 | Create | Villager (Male) |
| 3:50 | Create | Villager (Male) |
| 3:50 | Create | Villager (Male) |
| 4:27 | Create | Villager (Male) |
| 4:50 | Create | Villager (Male) |
| 4:52 | Create | Villager (Male) |
| 4:52 | Create | Villager (Male) |
| 5:39 | Build | House |
| 5:40 | Build | Lumber Camp |
| 5:49 | Create | Villager (Male) |
| 5:49 | Create | Villager (Male) |
| 5:50 | Create | Villager (Male) |
| 5:50 | Create | Villager (Male) |
| 6:06 | Create | Villager (Male) |
| 6:22 | Build | Lumber Camp |
| 6:56 | Build | Mining Camp |
| 7:14 | Build | Mill |
| 7:50 | Research | Feudal Age |
| 8:15 | Build | House |
| 9:14 | Build | House |
| 9:26 | Build | Palisade Wall |
| 9:34 | Build | Palisade Wall |
| 9:51 | Create | Villager (Male) |
| 9:51 | Create | Villager (Male) |
| 10:09 | Age | Feudal Age |
| 10:12 | Build | Market |
| 10:44 | Create | Villager (Male) |
| 10:49 | Build | Blacksmith |
| 11:34 | Research | Castle Age |
| 11:34 | Research | Castle Age |
| 12:03 | Research | Double-Bit Axe |
| 12:03 | Research | Double-Bit Axe |
| 12:39 | Build | Stone Wall |
| 12:56 | Build | Stone Wall |
| 13:10 | Build | Stone Wall |
| 13:32 | Research | Horse Collar |
| 13:43 | Build | Stone Wall |
| 13:52 | Create | Villager (Male) |
| 13:52 | Create | Villager (Male) |
| 14:14 | Age | Castle Age |
| 14:17 | Build | Town Center |
| 14:53 | Create | Villager (Male) |
| 14:53 | Create | Villager (Male) |
| 14:56 | Build | Farm |
| 15:11 | Build | Farm |
| 15:24 | Create | Villager (Male) |
| 15:33 | Build | Farm |
| 15:35 | Build | Farm |
| 15:40 | Build | Farm |
| 15:43 | Create | Villager (Male) |
| 15:44 | Create | Villager (Male) |
| 15:53 | Build | Farm |
| 15:59 | Build | Farm |
| 16:19 | Create | Villager (Male) |
| 16:19 | Create | Villager (Male) |
| 16:24 | Build | Farm |
| 16:27 | Build | Farm |
| 16:36 | Build | Farm |
| 16:39 | Build | Farm |
| 16:43 | Create | Villager (Male) |
| 16:52 | Build | Farm |
| 16:54 | Build | Farm |
| 16:57 | Create | Villager (Male) |
| 16:57 | Create | Villager (Male) |
| 17:11 | Build | Castle |
| 17:20 | Create | Villager (Male) |
| 17:24 | Build | Farm |
| 17:25 | Create | Villager (Male) |
| 17:25 | Create | Villager (Male) |
| 17:27 | Build | Farm |
| 17:51 | Build | House |
| 17:52 | Build | House |
| 17:56 | Create | Villager (Male) |
| 17:57 | Create | Villager (Male) |
| 17:57 | Create | Villager (Male) |
| 18:14 | Create | Villager (Male) |
| 18:22 | Create | Villager (Male) |
| 18:42 | Create | Villager (Male) |
| 18:42 | Create | Villager (Male) |
| 18:47 | Build | Monastery |
| 19:02 | Create | Villager (Male) |
| 19:02 | Create | Villager (Male) |
| 19:13 | Build | Town Center |
| 19:21 | Create | Villager (Male) |
| 19:21 | Create | Villager (Male) |
| 19:33 | Research | Fervor |
| 19:38 | Create | Villager (Male) |
| 19:38 | Create | Villager (Male) |
| 19:38 | Create | Villager (Male) |
| 19:43 | Create | Monk |
| 19:55 | Create | Villager (Male) |
| 20:07 | Build | Farm |
| 20:09 | Build | Farm |
| 20:10 | Build | Farm |
| 20:13 | Create | Villager (Male) |
| 20:14 | Create | Villager (Male) |
| 20:14 | Create | Villager (Male) |
| 20:32 | Create | Villager (Male) |
| 20:32 | Create | Villager (Male) |
| 20:38 | Create | Villager (Male) |
| 20:38 | Create | Villager (Male) |
| 20:46 | Create | Villager (Male) |
| 20:58 | Create | Villager (Male) |
| 20:59 | Create | Villager (Male) |
| 21:10 | Create | Villager (Male) |
| 21:28 | Create | Hussite Wagon |
| 21:28 | Create | Hussite Wagon |
| 21:28 | Create | Hussite Wagon |
| 21:34 | Create | Villager (Male) |
| 21:34 | Create | Villager (Male) |
| 21:34 | Create | Villager (Male) |
| 21:36 | Build | University |
| 21:38 | Build | House |
| 21:38 | Build | House |
| 21:39 | Build | House |
| 21:40 | Build | House |
| 21:43 | Create | Villager (Male) |
| 21:43 | Create | Villager (Male) |
| 21:48 | Build | Barracks |
| 21:52 | Build | Farm |
| 21:52 | Build | Farm |
| 21:54 | Create | Villager (Male) |
| 21:55 | Create | Villager (Male) |
| 22:08 | Build | Stone Wall |
| 22:16 | Create | Villager (Male) |
| 22:16 | Create | Villager (Male) |
| 22:38 | Create | Villager (Male) |
| 22:38 | Create | Villager (Male) |
| 22:39 | Create | Villager (Male) |
| 22:41 | Research | Loom |
| 22:54 | Build | Archery Range |
| 22:55 | Build | Archery Range |
| 22:57 | Build | Archery Range |
| 22:58 | Build | Archery Range |
| 23:00 | Build | Archery Range |
| 23:02 | Build | Archery Range |
Match timeline
| 0:36 | ElMismisimo · wall_segment Palisade Wall x4 |
| 0:45 | ElMismisimo · wall_segment Palisade Wall x8 |
| 1:17 | darkwwww2015 · wall_segment Palisade Wall x11 |
| 1:58 | Martin Eden · wall_segment Palisade Wall x1 |
| 2:03 | Martin Eden · wall_segment Palisade Wall x1 |
| 2:06 | Martin Eden · wall_segment Palisade Wall x7 |
| 2:29 | Vanchella · wall_segment Palisade Wall x1 |
| 3:15 | darkwwww2015 · wall_segment Palisade Wall x1 |
| 3:28 | Martin Eden · wall_segment Palisade Wall x1 |
| 5:37 | Martin Eden · wall_segment Palisade Wall x1 |
| 5:39 | Martin Eden · wall_segment Palisade Wall x10 |
| 6:23 | Martin Eden · wall_segment Palisade Wall x1 |
| 6:23 | Martin Eden · wall_segment Palisade Wall x1 |
| 6:53 | Martin Eden · wall_segment Palisade Wall x1 |
| 6:59 | Martin Eden · wall_segment Palisade Wall x1 |
| 8:06 | Martin Eden · wall_segment Palisade Wall x1 |
| 8:40 | darkwwww2015 · first_building Barracks |
| 9:26 | DaTuRa · wall_segment Palisade Wall x10 |
| 9:34 | DaTuRa · wall_segment Palisade Wall x14 |
| 10:02 | Vanchella · first_building Barracks |
| 10:09 | DaTuRa · age_up feudal |
| 10:58 | Vanchella · age_up feudal |
| 11:06 | livulove · age_up feudal |
| 11:10 | DaTuRa · first_market_sell 100 stone |
| 12:04 | Vanchella · wall_segment Palisade Wall x1 |
| 12:05 | Vanchella · wall_segment Palisade Wall x1 |
| 12:10 | Vanchella · wall_segment Palisade Wall x1 |
| 12:13 | Sasha_Kive · age_up feudal |
| 12:14 | BLACK EAGLE · age_up feudal |
| 12:18 | Martin Eden · age_up feudal |
| 12:28 | darkwwww2015 · age_up feudal |
| 12:39 | DaTuRa · wall_segment Stone Wall x19 |
| 12:43 | ElMismisimo · age_up feudal |
| 12:46 | Vanchella · first_building Stable |
| 12:55 | Vanchella · wall_segment Palisade Wall x1 |
| 12:56 | DaTuRa · wall_segment Stone Wall x11 |
| 13:07 | Vanchella · first_building Archery Range |
| 13:10 | DaTuRa · wall_segment Stone Wall x9 |
| 13:16 | Sasha_Kive · first_market_sell 100 food |
| 13:35 | Sasha_Kive · wall_segment Stone Wall x6 |
| 13:43 | DaTuRa · wall_segment Stone Wall x10 |
| 14:14 | DaTuRa · age_up castle |
| 14:42 | Sasha_Kive · wall_segment Stone Wall x6 |
| 14:44 | livulove · age_up castle |
| 14:51 | livulove · first_market_buy 100 stone |
| 14:51 | Martin Eden · first_building Barracks |
| 15:48 | BLACK EAGLE · age_up castle |
| 16:07 | Sasha_Kive · age_up castle |
| 16:30 | Sasha_Kive · first_building Monastery |
| 16:31 | Martin Eden · age_up castle |
| 17:00 | ElMismisimo · age_up castle |
| 17:03 | ElMismisimo · first_building Monastery |
| 17:07 | ElMismisimo · first_building Siege Workshop |
| 17:11 | DaTuRa · first_building Castle |
| 17:40 | Sasha_Kive · wall_segment Stone Wall x8 |
| 18:00 | Martin Eden · wall_segment Stone Wall x14 |
| 18:04 | Vanchella · wall_segment Palisade Wall x1 |
| 18:06 | Vanchella · wall_segment Palisade Wall x1 |
| 18:24 | Martin Eden · first_building Stable |
| 18:47 | DaTuRa · first_building Monastery |
| 19:36 | Sasha_Kive · first_building Barracks |
| 19:41 | livulove · wall_segment Palisade Wall x1 |
| 19:43 | livulove · wall_segment Palisade Wall x1 |
| 19:45 | ElMismisimo · first_building Barracks |
| 20:11 | Vanchella · wall_segment Palisade Wall x9 |
| 21:00 | Vanchella · age_up castle |
| 21:10 | ElMismisimo · age_up imperial |
| 21:11 | darkwwww2015 · age_up castle |
| 21:13 | ElMismisimo · first_market_buy 100 food |
| 21:19 | livulove · wall_segment Palisade Wall x1 |
| 21:24 | ElMismisimo · first_building Archery Range |
| 21:41 | livulove · first_market_sell 100 wood |
| 21:48 | DaTuRa · first_building Barracks |
| 22:08 | DaTuRa · wall_segment Stone Wall x19 |
| 22:31 | livulove · first_building Castle |
| 22:41 | livulove · wall_segment Palisade Wall x1 |
| 22:54 | DaTuRa · first_building Archery Range |
| 23:09 | BLACK EAGLE · first_building Monastery |
| 23:12 | Vanchella · first_building Castle |
| 23:27 | DaTuRa · wall_segment Stone Wall x17 |
| 23:38 | livulove · first_building Monastery |
| 24:39 | DaTuRa · first_market_buy 100 stone |
| 24:50 | Sasha_Kive · first_building Siege Workshop |
| 25:14 | ElMismisimo · first_building Castle |
| 25:22 | DaTuRa · wall_segment Stone Wall x19 |
| 26:05 | BLACK EAGLE · first_building Siege Workshop |
| 26:16 | DaTuRa · wall_segment Stone Wall x10 |
| 26:23 | ElMismisimo · first_market_sell 100 wood |
| 26:35 | Sasha_Kive · first_market_buy 100 wood |
| 26:39 | darkwwww2015 · first_building Castle |
| 26:40 | BLACK EAGLE · first_building Castle |
| 26:58 | livulove · wall_segment Stone Wall x1 |
| 27:00 | livulove · wall_segment Stone Wall x1 |
| 28:09 | livulove · age_up imperial |
| 28:12 | Martin Eden · first_building Monastery |
| 29:06 | BLACK EAGLE · first_market_sell 100 food |
| 29:37 | BLACK EAGLE · age_up imperial |
| 29:37 | BLACK EAGLE · wall_segment Stone Wall x1 |
| 30:22 | Martin Eden · first_market_sell 100 food |
| 30:23 | darkwwww2015 · wall_segment Palisade Wall x1 |
| 30:28 | darkwwww2015 · wall_segment Palisade Wall x1 |
| 30:32 | BLACK EAGLE · first_building Stable |
| 31:05 | livulove · first_building Barracks |
| 31:56 | Martin Eden · tribute_sent a jugador 1 |
| 31:56 | Martin Eden · tribute_sent a jugador 2 |
| 31:56 | Martin Eden · tribute_sent a jugador 3 |
| 31:56 | Martin Eden · tribute_sent a jugador 4 |
| 31:56 | Martin Eden · tribute_sent a jugador 5 |
| 31:56 | Martin Eden · tribute_sent a jugador 6 |
| 31:56 | Martin Eden · tribute_sent a jugador 8 |
| 32:24 | Vanchella · wall_segment Stone Wall x10 |
| 33:00 | livulove · first_building Archery Range |
| 33:05 | livulove · first_building Stable |
| 33:44 | Vanchella · wall_segment Stone Wall x16 |
| 34:11 | Sasha_Kive · first_building Castle |
| 34:13 | Martin Eden · age_up imperial |
| 34:46 | Sasha_Kive · age_up imperial |
| 35:46 | Vanchella · first_market_buy 100 stone |
| 36:42 | Vanchella · wall_segment Stone Wall x1 |
| 36:58 | Martin Eden · first_building Castle |
| 37:14 | darkwwww2015 · wall_segment Palisade Wall x1 |
| 37:56 | DaTuRa · first_building Siege Workshop |
| 39:04 | DaTuRa · age_up imperial |
| 39:15 | livulove · tribute_sent a jugador 1 |
| 39:15 | livulove · tribute_sent a jugador 2 |
| 39:15 | livulove · tribute_sent a jugador 3 |
| 39:15 | livulove · tribute_sent a jugador 5 |
| 39:15 | livulove · tribute_sent a jugador 6 |
| 39:15 | livulove · tribute_sent a jugador 7 |
| 39:15 | livulove · tribute_sent a jugador 8 |
| 39:49 | Vanchella · first_market_sell 100 food |
| 40:46 | Vanchella · wall_segment Stone Wall x12 |
| 42:49 | livulove · tribute_sent a jugador 1 |
| 42:49 | livulove · tribute_sent a jugador 2 |
| 42:49 | livulove · tribute_sent a jugador 3 |
| 42:49 | livulove · tribute_sent a jugador 5 |
| 42:49 | livulove · tribute_sent a jugador 6 |
| 42:49 | livulove · tribute_sent a jugador 7 |
| 42:49 | livulove · tribute_sent a jugador 8 |
| 44:51 | BLACK EAGLE · tribute_sent a jugador 1 |
| 44:51 | BLACK EAGLE · tribute_sent a jugador 2 |
| 44:51 | BLACK EAGLE · tribute_sent a jugador 3 |
| 44:51 | BLACK EAGLE · tribute_sent a jugador 4 |
| 44:51 | BLACK EAGLE · tribute_sent a jugador 5 |
| 44:51 | BLACK EAGLE · tribute_sent a jugador 7 |
| 44:51 | BLACK EAGLE · tribute_sent a jugador 8 |
| 44:53 | Vanchella · age_up imperial |
| 45:01 | Vanchella · wall_segment Stone Wall x4 |
| 47:00 | Sasha_Kive · tribute_sent a jugador 2 |
| 47:00 | Sasha_Kive · tribute_sent a jugador 3 |
| 47:00 | Sasha_Kive · tribute_sent a jugador 4 |
| 47:00 | Sasha_Kive · tribute_sent a jugador 5 |
| 47:00 | Sasha_Kive · tribute_sent a jugador 6 |
| 47:00 | Sasha_Kive · tribute_sent a jugador 7 |
| 47:00 | Sasha_Kive · tribute_sent a jugador 8 |
| 47:08 | Sasha_Kive · tribute_sent a jugador 2 |
| 47:08 | Sasha_Kive · tribute_sent a jugador 3 |
| 47:08 | Sasha_Kive · tribute_sent a jugador 4 |
| 47:08 | Sasha_Kive · tribute_sent a jugador 5 |
| 47:08 | Sasha_Kive · tribute_sent a jugador 6 |
| 47:08 | Sasha_Kive · tribute_sent a jugador 7 |
| 47:08 | Sasha_Kive · tribute_sent a jugador 8 |
| 47:10 | Martin Eden · resign |
| 47:33 | BLACK EAGLE · tribute_sent a jugador 1 |
| 47:33 | BLACK EAGLE · tribute_sent a jugador 2 |
| 47:33 | BLACK EAGLE · tribute_sent a jugador 3 |
| 47:33 | BLACK EAGLE · tribute_sent a jugador 4 |
| 47:33 | BLACK EAGLE · tribute_sent a jugador 5 |
| 47:33 | BLACK EAGLE · tribute_sent a jugador 7 |
| 47:33 | BLACK EAGLE · tribute_sent a jugador 8 |
| 47:42 | Vanchella · wall_segment Stone Wall x3 |
[ AI ANALYSIS · 1 CREDIT ]
What really happened in this match?
Wolo.gg analyzes every decision: build order, eco, micro, common mistakes by bracket. Personalized analysis on WhatsApp or Discord in 30 seconds.
Civ guide
Italians
Perfil
Jugador #2894196